 Dungeon Crawl Stone Soup version 0.31.0-12-g77e489cdc1 (webtiles) character file.

Game seed: 3274095853157801805

1843 DildoBatman the Apothecary (level 9, -1/57 (65) HPs)
             Began as a Formicid Conjurer on Feb 17, 2024.
             Slain by a wight
             ... wielding a +4 falchion of freezing
              (7 damage)
             ... on level 7 of the Dungeon.
             The game lasted 00:19:32 (6092 turns).

DildoBatman the Apothecary (Formicid Conjurer)      Turns: 6092, Time: 00:19:33

HP:   -1/57 (65)    AC:  6    Str: 12    XL:     9   Next: 33%
MP:   3/15          EV: 12    Int: 22    God:
Gold: 223           SH:  4    Dex: 12    Spells: 10/16 levels left

rFire   . . .        z - +4 whip
rCold   . . .        t - +0 buckler
rNeg    . . .        a - +0 robe
rPois   .            (helmet unavailable)
rElec   .            (no cloak)
rCorr   +            (no gloves)
SInv    +            (no boots)
Will    .....        (no amulet)
Stlth   ++           l - +4 ring of protection
HPRegen 0.29/turn    G - ring of resist corrosion
MPRegen 0.14/turn

%: no passive effects
@: heavily drained
A: permanent stasis, dig shafts and tunnels, antennae 3, four strong arms
a: Dig, Shaft Self


You were on level 7 of the Dungeon.
You visited 1 branch of the dungeon, and saw 7 of its levels.
You also visited: Sewer.

You collected 223 gold pieces.

Inventory:

Hand Weapons
 d - a +0 dagger
 h - a +0 spear
 q - a +0 long sword
 y - a +0 dagger of venom
 z - a +4 whip (weapon)
Missiles
 c - 72 stones
 k - 26 poisoned darts (quivered)
 B - 6 boomerangs
Armour
 a - a +0 robe (worn)
 t - a +0 buckler (worn)
Magical Staves
 J - a staff of fire
Jewellery
 l - a +4 ring of protection (left hand)
 G - a ring of resist corrosion (right hand)
Wands
 r - a wand of acid (3)
Scrolls
 e - 2 scrolls of revelation {unknown}
 f - 2 scrolls of teleportation {unknown}
 i - 2 scrolls of amnesia {unknown}
 j - 4 scrolls of identify {unknown}
 p - a scroll of fear {unknown}
 u - a scroll of poison {unknown}
 C - a scroll of enchant armour {unknown}
 E - a scroll of summoning {unknown}
 F - a scroll of enchant weapon {unknown}
 H - a scroll of immolation {unknown}
Potions
 b - 6 potions of magic
 g - 4 potions of haste {unknown}
 m - 3 potions of mutation {unknown}
 n - 2 potions of lignification {unknown}
 o - 2 potions of curing {unknown}
 s - 3 potions of heal wounds {unknown}
 v - a potion of ambrosia {unknown}
 w - 2 potions of invisibility {unknown}
 x - a potion of might {unknown}
 A - a potion of attraction {unknown}
 D - a potion of brilliance {unknown}
 I - a potion of cancellation {unknown}


   Skills:
 + Level 4.3 Fighting
 + Level 4.3 Armour
 - Level 3.0 Dodging
 - Level 4.0 Stealth
 - Level 3.0 Shields
 + Level 4.4 Spellcasting
 + Level 5.1 Conjurations
 * Level 3.8 Air Magic
 - Level 6.0 Alchemy


You had 10 spell levels left.
You knew the following spells:

 Your Spells              Type           Power      Damage    Failure   Level
a - Searing Ray           Conj           54%        2d6       2%          2
c - Magic Dart            Conj           100%       1d8       1%          1
e - Mephitic Cloud        Conj/Alch/Air  26%        N/A       5%          3

Your spell library contained the following spells:

 Spells                   Type           Power      Damage    Failure   Level
 Static Discharge         Conj/Air       48%        3-5/arc   3%          2
 Fulminant Prism          Conj/Alch      14%        3d8       14%         4
 Iskenderun's Mystic Bla  Conj/Tloc      16%        2d5       45%         4
 Summon Forest            Summ/Tloc      2%         N/A       99%         5


Dungeon Overview and Level Annotations

Branches:
Dungeon (7/15)              Sewer (visited)
 Temple: D:4-7

Altars:
Dithmenos
Gozag
Okawaru
Wu Jian

Shops:
D:2 (

Annotations:
D:3 1 runed translucent door, Crazy Yiuf
D:4 3 runed translucent doors, exclusion: 2 sensed monsters (detected), Dowan; drgodel's ghost, amateur OnSh
D:5 exclusion: troll
D:6 exclusion: wight
D:7 exclusion: sensed monster (detected)


Innate Abilities, Weirdness & Mutations

You cannot be hasted, slowed, berserked, paralysed or teleported.
You can dig through walls and to a lower floor.
You have a pair of large antennae on your head. (SInv)
Your four strong arms can wield two-handed weapons with a shield.


Message History

The wight misses you.
You whack the wight!
The wight is severely damaged.
You block the wight's attack.
You closely miss the wight.
The wight is severely damaged.
The wight barely misses you.
You hit the wight but do no damage.
The wight is severely damaged.
You block the wight's attack.
The wight hits you with a +4 falchion of freezing!
You feel drained. The wight freezes you.
You hit the wight.
The wight is severely damaged.
The wight barely misses you.
You barely miss the wight.
The wight is severely damaged.
The wight closely misses you.
You hit the wight but do no damage.
The wight is severely damaged.
The wight hits you with a +4 falchion of freezing.
The wight freezes you.
You hit the wight but do no damage.
The wight is severely damaged.
You block the wight's attack.
You barely miss the wight.
The wight is severely damaged.
The wight hits you with a +4 falchion of freezing.
You feel drained. The wight freezes you.
You barely miss the wight.
The wight is severely damaged.
The wight hits you with a +4 falchion of freezing.
The wight freezes you. You block the wight's attack.
You barely miss the wight.
The wight is severely damaged.
The wight hits you with a +4 falchion of freezing!
You die...

...$.#..........#
##{###..........+
.#⌠#.......?....#
.###............#
........>.......#
................#
{
.$.............z#
{ {
..............zz##
.......###.#.###@#
.......# #.#.# ###
####+### # #. {


You could see 3 wights.

Vanquished Creatures
  A steam dragon (D:6)
  An ogre (D:5)
  2 phantoms
  7 kobold brigands
  2 bullfrogs
  A gnoll sergeant (D:3)
  2 scorpions (D:5)
  2 wights (D:7)
  2 jellies
  A bombardier beetle (D:4)
  7 hounds
  A sleepcap (D:6)
  An iguana (D:4)
  An orc wizard (D:5)
  4 gnolls (D:3)
  6 adders
  A shadow imp (D:6)
  2 ufetubi (D:6)
  A ribbon worm (D:3)
  3 dart slugs
  13 orcs
  4 endoplasms
  5 giant cockroaches
  6 hobgoblins
  5 quokkas
  6 ball pythons
  6 bats
  7 frilled lizards
  8 goblins
  25 kobolds
  4 rats
137 creatures vanquished.

Notes
Turn   | Place    | Note
-------+----------+-------------------------------------------
     0 | D:1      | DildoBatman the Formicid Conjurer began the quest for the
                  | Orb.
     0 | D:1      | Reached XP level 1. HP: 13/13 MP: 3/3
   242 | D:1      | Reached XP level 2. HP: 20/20 MP: 0/5
   245 | D:1      | Learned a level 2 spell: Searing Ray
   657 | D:1      | Found a faded altar of an unknown god.
   792 | D:2      | Reached XP level 3. HP: 16/25 MP: 2/6
   856 | D:2      | Reached skill level 1 in Fighting
   866 | D:2      | Reached skill level 1 in Armour
   933 | D:2      | Found Lomahaar's Antique Weapon Shop.
  1340 | D:2      | Reached XP level 4. HP: 32/32 MP: 5/7
  2039 | D:3      | Found an opulent altar of Gozag.
  2041 | D:3      | Found a shadowy altar of Dithmenos.
  2042 | D:3      | Found an ornate altar of the Wu Jian Council.
  2042 | D:3      | Found an iron altar of Okawaru.
  2217 | D:3      | Noticed a gnoll sergeant
  2254 | D:3      | Reached XP level 5. HP: 37/37 MP: 5/9
  2411 | D:3      | Found a runed translucent door.
  2412 | D:3      | Noticed Crazy Yiuf
  2477 | D:3      | Reached skill level 1 in Shields
  2654 | D:4      | Found a runed translucent gate.
  2654 | D:4      | Found a runed translucent gate.
  2660 | D:4      | Reached XP level 6. HP: 44/44 MP: 3/10
  2710 | D:4      | Found a runed translucent gate.
  2717 | D:4      | Noticed drgodel's ghost (amateur OnSh)
  2801 | D:4      | Noticed Dowan
  2849 | D:4      | Got Kaskoz's Almanac of the Shifting Atmosphere
  2854 | D:4      | Learned a level 3 spell: Mephitic Cloud
  2911 | D:4      | Found a glowing drain.
  3025 | Sewer    | Entered a sewer
  3155 | Sewer    | Reached skill level 1 in Alchemy
  3330 | Sewer    | Reached XP level 7. HP: 51/51 MP: 2/11
  3460 | Sewer    | Reached skill level 1 in Air Magic
  3461 | Sewer    | Reached skill level 2 in Alchemy
  3557 | Sewer    | Reached skill level 3 in Alchemy
  3559 | Sewer    | Reached XP level 8. HP: 28/58 MP: 0/13
  4183 | D:5      | Entered Level 5 of the Dungeon
  4432 | D:5      | Reached skill level 4 in Alchemy
  4846 | D:5      | Noticed a troll
  5229 | D:6      | Reached skill level 5 in Alchemy
  5470 | D:6      | Noticed a yak
  5484 | D:6      | Reached XP level 9. HP: 61/65 MP: 9/15
  5962 | D:7      | Reached skill level 5 in Conjurations
  6080 | D:7      | Reached skill level 6 in Alchemy
  6092 | D:7      | Slain by a wight

Illustrated notes

Levels and vault maps discovered:
D:1:      ldierk_walled_garden_2, layout_rooms,
          shapermc_ecumenical_altar_totnotflames
D:2:      layout_basic, serial_shops, shop, nrook_mini_vaults,
          chequers_serial_rivers_marsh
D:3:      layout_loops_corners, chequers_temple_overflow_statue_of_worship,
          bh_walls_and_bars, uniq_crazy_yiuf_cottage
D:4:      layout_loops_cross, gup_sewer_entry_glass, ebering_ghost_rock_garden,
          uniq_duvessa
D:5:      layout_gridville, serial_library_hellmonk_big_corner
D:6:      layout_loops_ring
D:7:      minmay_chambers_of_sevens, layout_basic, temple_green,
          nicolae_fountain_basement, uniq_prince_ribbit1

Skill      XL: |  1  2  3  4  5  6  7  8  9 |
---------------+----------------------------+-----
Dodging        | 2 3 |  3.0
Fighting       | 1 2 3 4 |  4.3
Armour         | 1 2 3 4 |  4.3
Stealth        | 3 4 |  4.0
Shields        | 2 3 |  3.0
Conjurations   | 4 5 |  5.1
Spellcasting   | 3 4 |  4.4
Alchemy        | 1 3 5 6 |  6.0
Air Magic      | 1 3 |  3.8

Action                     |  1- 3 |  4- 6 |  7- 9 || total
---------------------------+-------+-------+-------++-------
  Melee: Dagger            |    39 |     1 |       ||    40
         Spear             |     4 |       |       ||     4
         Long sword        |       |    70 |    35 ||   105
         Whip              |       |       |    93 ||    93
  Throw: Dart              |       |       |    23 ||    23
   Cast: Magic Dart        |    57 |    45 |    40 ||   142
         Searing Ray       |       |    13 |    26 ||    39
         Mephitic Cloud    |       |       |    13 ||    13
Ability: Dig               |       |       |     3 ||     3
    Use: Scroll            |       |       |     1 ||     1
   Stab: Sleeping          |     5 |     4 |     3 ||    12
         Confused          |       |       |     8 ||     8
 Armour: Robe              |    42 |    56 |    96 ||   194
  Dodge: Dodged            |    50 |    39 |    97 ||   186
  Block: Buckler           |       |    14 |    38 ||    52
